Unix NetHack Version 3.7.0-101 Work-in-progress - last build Mar 4 2024 13:34:30 (3c4ac04b664b9ee0831c739617f054b5b60dbfd1,branch:master). Game began 2024-03-25 14:43:19, ended 2024-03-25 20:34:25. misanthrope, lawful female human Valkyrie ------------------------ |...............%%%..%%| |%-------------------..| |.| ----- |%---- |.| |...-- --.|..| |.| |.0..|--|.....| |.| |....|..|.%...| |.| --0.....|....-- |[|------ |...|.......| |.|$....|-- |...|..|....| |.|.....-.| |...|---....| |)|.....|-| --..|.......| |%%(....-?| --.|i.@.---- --|%"...|-| |.--f--- |...$...| |.....| |")...|-- |..|.>| ------- ------- Misanthrope the Woman-at-arms St:18/06 Dx:11 Co:19 In:9 Wi:11 Ch:10 Lawful Dlvl:6 $:146 HP:0(99) Pw:27(27) AC:-7 Xp:11/10272 T:14138 Fly Latest messages: You kill the bugbear! You see a gas cloud dissipate. You see here a bugbear corpse. The ice troll wields a single-edged polearm! The single-edged polearm welds itself to the ice troll's claws! A mysterious force prevents the tengu from teleporting! The ice troll swings a single-edged polearm. A single-edged polearm misses you. A mysterious force prevents the tengu from teleporting! You hear some noises in the distance. You see here a looking glass. There are several objects here. You fly down the stairs. You are beginning to feel hungry. You stop waiting. What do you want to eat? [fBJX or ?*] This food really hits the spot! You finish eating the food ration. You fly up the stairs. There are several objects here. You hear several slurping sounds. The displacer beast hits! The displacer beast hits again! The displacer beast bites! The displacer beast swaps places with you... You see here a looking glass. The displacer beast hits! The displacer beast hits again! The displacer beast bites! You miss the displacer beast. The displacer beast hits! The displacer beast just misses! The displacer beast misses! The displacer beast swaps places with you... There are several objects here. The displacer beast hits! The displacer beast hits again! The displacer beast bites! You miss the displacer beast. The displacer beast swaps places with you... You see here a looking glass. The displacer beast hits! The displacer beast hits again! The displacer beast bites! A mysterious force prevents the tengu from teleporting! You miss the displacer beast. The displacer beast hits! The displacer beast hits again! You die... Do you want your possessions identified? [ynq] (y) Inventory: Coins ('$') $ - 146 gold pieces Amulets ('"') e - an uncursed amulet of flying (being worn) Weapons (')') a - a blessed +1 spear (weapon in right hand) q - an uncursed +0 aklys Armor ('[') H - an uncursed +1 dwarvish iron helm (being worn) E - an uncursed +0 pair of iron shoes (being worn) W - an uncursed +3 small shield (being worn) K - an uncursed +1 alchemy smock with text "If you can't stand the heat, get out of Gehennom!" (being worn) L - an uncursed +0 cloak of displacement I - an uncursed +0 dwarvish mithril-coat (being worn) Comestibles ('%') f - an uncursed food ration X - an uncursed lembas wafer B - 2 uncursed tripe rations J - an uncursed homemade tin of stalker meat Scrolls ('?') r - an uncursed scroll of blank paper m - an uncursed scroll of confuse monster V - an uncursed scroll of earth t - an uncursed scroll of food detection G - an uncursed scroll of gold detection y - 2 uncursed scrolls of teleportation Rings ('=') C - an uncursed ring of fire resistance d - an uncursed +1 ring of gain constitution (on left hand) z - a cursed ring of hunger h - an uncursed ring of levitation F - an uncursed ring of slow digestion i - an uncursed ring of warning Wands ('/') Q - an uncursed wand of create monster (0:12) O - an uncursed wand of digging (0:4) x - an uncursed wand of lightning named empty (0:0) Z - an uncursed wand of undead turning (0:4) Tools ('(') v - an uncursed blindfold named Col Stl Tpy Spd Poi Slp c - an uncursed magic whistle l - an uncursed oil lamp k - an uncursed skeleton key named P10166 p - an uncursed stethoscope g - an uncursed tinning kit (0:51) P - an uncursed +0 unicorn horn Gems/Stones ('*') u - 2 uncursed worthless pieces of red glass w - an uncursed worthless piece of violet glass n - 2 uncursed worthless pieces of yellow glass Misanthrope the Valkyrie's attributes: Background: You were a Woman-at-arms, a level 11 human Valkyrie. You were lawful, on a mission for Tyr who was opposed by Odin (neutral) and Loki (chaotic). You were right-handed. You were in Sokoban, on level 6. You entered the dungeon 14138 turns ago. There was a full moon in effect when your adventure ended. You had 10272 experience points, 9728 more were needed to attain level 12. Basics: You had 0 out of 99 hit points. You had all 27 energy points (spell power). Your armor class was -7. Your wallet contained 146 zorkmids. Autopickup was off. Final Characteristics: Your strength was 18/06 (peak:18/07, limit:18/100). Your dexterity was 11 (limit:18). Your constitution was 19 (base:18, innate limit:18). Your intelligence was 9 (limit:18). Your wisdom was 11 (limit:18). Your charisma was 10 (limit:18). Final Status: You were flying. You weren't hungry. You were unencumbered. You were wielding a spear. You had basic skill with spear and could have enhanced that. Final Attributes: You were piously aligned. You were cold resistant. You were sleep resistant. You were poison resistant. You were acid resistant. Your items were protected from acid. You were telepathic. You were stealthy. You were guarded. You were fast. You were lucky. You are dead. Miscellaneous: You never encountered a bones level. Total elapsed playing time was 4 hours, 25 minutes and 6 seconds. Major events: Turn 1: misanthrope the lawful human Valkyrie entered the dungeon 699: attained the rank of Skirmisher (level 3) 3235: entered the Gnomish Mines 3832: attained the rank of Fighter (level 6) 4544: reached Mine Town 8542: entered the Bigroom 9196: the Oracle has been killed 10228: entered Sokoban 10572: completed 1st Sokoban level 11065: completed 2nd Sokoban level 12202: completed 3rd Sokoban level 12958: attained the rank of Woman-at-arms (level 10) 13075: completed 4th Sokoban level 14138: killed by a chameleon imitating a displacer beast Vanquished creatures: the Oracle 2 giant mimics a zruty a flesh golem an elven monarch a wumpus a stalker a giant zombie 7 wargs a winter wolf a small mimic a xan an ogre leader a quantum mechanic a troll 2 gelatinous cubes a large dog a freezing sphere a shocking sphere 2 gargoyles 2 ochre jellies a leocrotta a red naga a python a wraith a watchman 2 quivering blobs a cockatrice 7 wolves a winter wolf cub a panther 2 leprechauns 2 orc-captains an iron piercer 4 giant spiders 4 horses 2 ice vortices 2 vampire bats 3 gnome rulers 2 orc mummies a dwarf mummy an ogre an owlbear 2 gold golems a werewolf 2 Green-elves 2 lizards 2 jaguars a dwarf leader a blue jelly a black unicorn 2 dust vortices 3 ravens a plains centaur 2 gnome mummies a snake an ape a rope golem 3 Woodland-elves 4 soldier ants 3 bugbears 2 quasits a wood nymph a water nymph an Uruk-hai 4 rock piercers 6 rock moles a pony 4 fog clouds 6 yellow lights 11 gnome leaders 4 gnomish wizards 3 kobold mummies a gray ooze 2 elf zombies 3 straw golems 2 paper golems a baby crocodile 7 giant ants 9 floating eyes 4 kittens 11 dwarves 3 homunculi 2 kobold leaders 2 kobold shamans 3 hill orcs 5 rothes 2 rabid rats 3 centipedes 2 giant bats 3 monkeys an orc zombie 2 dwarf zombies 6 wererats 3 iguanas 13 killer bees 5 acid blobs a coyote 2 gas spores 2 hobbits 10 manes a large kobold 5 hobgoblins 3 giant rats a cave spider 2 brown molds 5 yellow molds a green mold 4 red molds 43 gnomes 14 garter snakes 2 gnome zombies 7 geckos 17 jackals 5 kobolds 7 goblins 3 sewer rats 13 grid bugs a bat 4 lichens 2 kobold zombies 5 newts 405 creatures vanquished. No species were genocided or became extinct. Voluntary challenges: You read items or engraved 13 times. You engraved Elbereth 6 times. You never genocided any monsters. You never polymorphed an object. You never changed form. You used no wishes. You did not violate any of the special Sokoban rules. Achievements: You attained the rank of Skirmisher. You entered a shop. You entered the Gnomish Mines. You attained the rank of Fighter. You entered Minetown. You entered a temple. You entered the Big Room. You entered Sokoban. You attained the rank of Woman-at-arms. The Dungeons of Doom: levels 1 to 10 Level 1: A grave. Level 2: Stairs down to The Gnomish Mines. Level 3: A scroll shop. Level 4: A fountain. Level 5: Level 6: A fountain. Level 7: A fountain. Level 8: A fountain. Level 9: "unicorn" Many fountains. Level 10: A very big room. Stairs up to Sokoban, level 9. The Gnomish Mines: levels 3 to 8 Level 3: Level 4: Level 5: A temple and an altar, some fountains, a sink. Level 6: Level 7: Level 8: Sokoban: levels 9 up to 6 Level 6: <- You were here. Solved. Final resting place for you, killed by a chameleon imitating a displacer beast. Level 7: Solved. Level 8: Solved. Level 9: Solved. Game over: ---------- / \ / REST \ / IN \ / PEACE \ / \ | misanthrope | | 146 Au | | killed by a | | chameleon | | imitating a | | displacer beast | | 2024 | *| * * * | * _________)/\\_//(\/(/\)/\//\/|_)_______ Farvel misanthrope the Valkyrie... You died in Sokoban on dungeon level 6 with 30362 points, and 146 pieces of gold, after 14138 moves. You were level 11 with a maximum of 99 hit points when you died.